 Dungeon Crawl Stone Soup version 0.20-a0-766-g52e1353 (console) character file.

634 mabhoi the Sneak (level 7, -3/46 HPs)
             Began as an Octopode Assassin on Feb 26, 2017.
             Killed from afar by an orc wizard (8 damage)
             ... with a puff of flame
             ... on level 3 of the Dungeon.
             The game lasted 00:50:04 (7044 turns).

mabhoi the Sneak (Octopode Assassin)                Turns: 7044, Time: 00:50:05

Health: -3/46      AC:  1    Str: 10    XL:     7   Next: 49%
Magic:  7/7        EV: 14    Int: 13    God:
Gold:   94         SH:  0    Dex: 16    Spells: 6/6 levels left

rFire    . . .     SeeInvis .   a - +2 dagger
rCold    . . .     Gourm    .   (no shield)
rNeg     . . .     Faith    .   (helmet restricted)
rPois    .         Spirit   .   (no amulet)
rElec    .         Reflect  .   (no ring)
rCorr    .         Harm     .   (no ring)
MR       .....                  (no ring)
Stlth    +++++.....             (no ring)
Regen    0.2/turn               (no ring)
MPRegen  0.1/turn               (no ring)
                                (no ring)
                                (no ring)

@: no status effects
A: almost no armour, stealthy swim, amphibious, 8 rings, constrict 8, camouflage
1, gelatinous body 1
a: no special abilities


You were on level 3 of the Dungeon.
You were not hungry.

You visited 1 branch of the dungeon, and saw 4 of its levels.

You collected 210 gold pieces.
You spent 116 gold pieces at shops.

Inventory:

Hand Weapons
 a - a +2 dagger (weapon)
 b - a +0 hand crossbow
 e - a +0 spear
 h - a +0 short sword
 k - a +0 dagger
 p - a +2 dagger of venom
 q - a +0 short sword
 s - a +0 dagger
 t - a +0 dagger
 u - a +0 dagger
 x - a +0 short sword
 C - a +0 dagger
 D - a +0 dagger
 E - a +0 dagger
 F - a +0 blowgun
 H - a +0 short sword
 J - a +0 hunting sling
 K - a +2 dagger of venom
 L - a +0 dagger
 M - a +0 dagger
 R - a +2 dagger of draining
 S - a +0 hunting sling
 W - a +3 spear
 X - a +2 vampiric whip
Missiles
 c - 8 poisoned needles
 d - 2 curare-tipped needles
 n - 33 sling bullets
 o - 49 arrows
 w - 85 stones (quivered)
 T - 49 bolts
Jewellery
 y - a cursed amulet of inaccuracy {unknown}
 Q - an uncursed ring of flight {unknown}
Scrolls
 i - a scroll of enchant armour {unknown}
 j - a scroll of amnesia {unknown}
 l - a scroll of immolation {unknown}
 m - 2 scrolls of identify {unknown}
 v - 2 scrolls of remove curse {unknown}
 G - a scroll of noise {unknown}
 N - a scroll of fear {unknown}
Potions
 g - a potion of berserk rage {unknown}
 r - 2 potions of curing {unknown}
 z - 2 potions of lignification {unknown}
 A - a potion of resistance {unknown}
 I - a potion of might {unknown}
 P - a potion of agility {unknown}
 U - a potion of heal wounds {unknown}
Comestibles
 f - a bread ration
 B - a meat ration
 O - a royal jelly
 V - a chunk of flesh


   Skills:
 + Level 3.2 Fighting
 + Level 3.1 Short Blades
 + Level 2.3(3.0) Slings
 + Level 3.4 Crossbows
 + Level 2.7(3.2) Throwing
 + Level 2.6 Dodging
 + Level 7.9 Stealth


You had 6 spell levels left.
You didn't know any spells.

Dungeon Overview and Level Annotations

Branches:
Dungeon (4/15)
 Temple: D:4-7

Altars:

Shops:
D:4 (

Annotations:
D:4 Edmund


Innate Abilities, Weirdness & Mutations

You cannot wear most types of armour.
You are very stealthy in the water. (Stealth+)
You are amphibious.
You can wear up to eight rings at the same time.
You can use your tentacles to constrict eight enemies at once.
Your skin changes colour to match your surroundings (Stealth+).
Your rubbery body absorbs attacks. (AC +1, EV +1)


Message History

The orc wizard closely misses you. The orc wizard completely misses you.
You climb upwards.
There is a stone staircase leading down here.
You hit the orc wizard. You grab the orc wizard.
The orc wizard is lightly wounded.
You constrict the orc wizard.
The orc wizard gestures at you while chanting.
The magic dart hits you!
* * * LOW HITPOINT WARNING * * *
You hit the orc wizard.
The orc wizard is lightly wounded.
You constrict the orc wizard. The orc wizard closely misses you.
You hit the orc wizard.
The orc wizard is moderately wounded.
You constrict the orc wizard. The orc wizard misses you.
You release your grip on the orc wizard.
The orc wizard closely misses you.
The orc wizard points at you and mumbles some strange words.
The puff of flame hits you!
You die...

##### ########### ###### ....#
#.........# #....# ....#
#.........####.##.# ..).#
#.........x..#....#
##########.#######o#....######
.................>.#....#....#
.#.#######.#.###.###....#.##.####
.#.###...........#
##.#.#.##..รท..
.........#.#.#...####.#.#.#######
.....####.............#......# #
.............#..#######.#.##.# #
........#.#.............#.##.# #
#.........#....########.#....# #
##......###....#......#.####### #


You could see an orc wizard.

Vanquished Creatures
  The ghost of luab the Slasher, an amateur NaBe of Trog (D:4)
  An orc priest (D:4)
  2 orc wizards (D:4)
  3 worker ants (D:4)
  Robin (D:2)
  10 gnolls
  12 adders
  2 oozes
  3 worms
  A dart slug (D:1)
  3 leopard geckos
  6 orcs
  A ball python (D:2)
  3 giant cockroaches
  8 hobgoblins
  7 jackals
  A quokka (D:4)
  10 bats
  3 frilled lizards
  17 goblins
  8 kobolds
  7 rats
110 creatures vanquished.

Notes
Turn   | Place    | Note
-------+----------+-------------------------------------------
     0 | D:1      | mabhoi the Octopode Assassin began the quest for the Orb.
     0 | D:1      | Reached XP level 1. HP: 14/14 MP: 1/1
   394 | D:1      | Reached XP level 2. HP: 18/19 MP: 2/2
   554 | D:1      | Reached skill level 6 in Stealth
  1410 | D:2      | Reached XP level 3. HP: 24/24 MP: 3/3
  1501 | D:2      | Noticed Robin
  1795 | D:2      | Reached skill level 7 in Stealth
  2117 | D:2      | Reached XP level 4. HP: 18/30 MP: 4/4
  2552 | D:2      | Killed Robin
  2768 | D:2      | Reached XP level 5. HP: 30/35 MP: 5/5
  3985 | D:3      | Reached skill level 1 in Slings
  4440 | D:4      | Found Hovvusch's Weapon Shop.
  4463 | D:4      | Bought a +0 hand crossbow for 49 gold pieces
  4464 | D:4      | Bought 24 bolts for 67 gold pieces
  4578 | D:4      | Reached XP level 6. HP: 36/41 MP: 6/6
  4911 | D:4      | Noticed luab's ghost (amateur NaBe)
  5325 | D:4      | Reached skill level 1 in Crossbows
  6018 | D:4      | Noticed Edmund
  6683 | D:4      | Reached XP level 7. HP: 30/46 MP: 7/7
  6961 | D:4      | Killed luab's ghost
  7044 | D:3      | Killed from afar by an orc wizard

Vault maps used:
D:1:      erik_arrival_blinker_ship
D:2:      uniq_robin
D:3:      minmay_misc_feat_iff
D:4:      first_bread, serial_shops, shop_fountains, uniq_edmund

Skill      XL: |  1  2  3  4  5  6  7 |
---------------+----------------------+-----
Stealth        | 6 7 |  7.9
Dodging        | 2 |  2.6
Slings         | 1 2 |  2.3
Fighting       | 3 |  3.2
Crossbows      | 2 3 |  3.4
Short Blades   | 3 |  3.1
Throwing       | |  2.7

Action                   |  1- 3 |  4- 6 |  7- 9 || total
-------------------------+-------+-------+-------++-------
Melee: Dagger            |    74 |   109 |    14 ||   197
       Constrict         |    17 |    30 |     3 ||    50
       Tentacles         |    11 |    24 |     2 ||    37
       Hunting sling     |       |    12 |       ||    12
       Hand crossbow     |       |     1 |       ||     1
 Fire: Hunting sling     |       |    50 |       ||    50
       Hand crossbow     |       |    59 |    25 ||    84
Throw: Stone             |       |    24 |       ||    24
 Stab: Sleeping          |    12 |     3 |       ||    15
  Eat: Chunk             |     4 |     8 |       ||    12
       Bread ration      |       |     1 |     1 ||     2
Armor: Skin              |     1 |     4 |       ||     5
Dodge: Dodged            |    34 |    77 |    13 ||   124
